 Dungeon Crawl Stone Soup version 0.31.0-32-g396128a36d (webtiles) character file.

Game seed: 2522356363364980450

65 Killerpretzel the Changeling (level 4, -10/29 HPs)
             Began as an Octopode Shapeshifter on Mar 28, 2024.
             Mangled by a gnoll sergeant
             ... wielding a +0 spear
              (11 damage)
             ... on level 3 of the Dungeon.
             The game lasted 00:04:30 (2048 turns).

Killerpretzel the Changeling (OpSh)                 Turns: 2048, Time: 00:04:30

Health: -10/29     AC:  1    Str: 13    XL:     4   Next: 13%
Magic:  4/4        EV: 13    Int: 12    God:
Gold:   90         SH:  0    Dex: 13    Spells: 3/3 levels left

rFire   . .          .
                       - Unarmed
rCold   . . .        (no shield)
rNeg    + . .        (helmet currently unavailable)
rPois   .            e - amulet of magic regeneration
rElec   .            g - ring of positive energy
rCorr   .            (no ring)
SInv    .            (no ring)
Will    .....        (no ring)
Stlth   ++           (no ring)
HPRegen 0.24/turn    (no ring)
MPRegen 0.49/turn    (no ring)
                     (no ring)

%: no passive effects
@: beast-form
A: beast (slay +2), almost no armour, amphibious, 8 rings, camouflage 1,
gelatinous body 1, (nimble swimmer 1), tentacles
a: Begin Untransformation


You were on level 3 of the Dungeon.
You were a hulking beast.
You visited 1 branch of the dungeon, and saw 3 of its levels.

You collected 90 gold pieces.

Inventory:

Jewellery
 e - an amulet of magic regeneration (around mantle)
 g - a ring of positive energy (left tentacle)
Talismans
 b - a beast talisman (active)
 c - a flux talisman
Scrolls
 d - a scroll of identify
Potions
 a - a potion of lignification
 f - 2 potions of might
 i - a potion of haste
 k - a potion of brilliance {unknown}
 l - a potion of curing {unknown}


   Skills:
 + Level 1.9 Fighting
 + Level 2.5 Dodging
 + Level 3.4 Unarmed Combat
 * Level 3.7 Shapeshifting


You had 3 spell levels left.
You didn't know any spells.
Your spell library contained the following spells:

 Spells                   Type           Power      Damage    Failure   Level
 Hailstorm                Conj/Ice       0%         3d5       69%         3
 Summon Ice Beast         Ice/Summ       0%         N/A       69%         3
 Sculpt Simulacrum        Ice/Alch       0%         N/A       100%        6


Dungeon Overview and Level Annotations

Branches:
Dungeon (3/15)

Altars:
Makhleb


Innate Abilities, Weirdness & Mutations

You are a hulking beast.
Your limbs bulge with bestial killing power. (Slay +2)
You cannot wear most types of armour.
You are amphibious.
You can wear up to eight rings at the same time.
Your skin changes colour to match your surroundings (Stealth+).
Your rubbery body absorbs attacks. (AC +1, EV +1)
((You are camouflaged when in or above water. (Stealth+)))
You have tentacles for arms and can constrict up to eight enemies at once.


Message History

A gnoll comes into view. It is wielding a +0 whip.
There are monsters nearby!
There is a stone staircase leading up here.
You climb upwards.
There is a stone staircase leading down here.
No target in view!
No target in view!
No target in view!
Done exploring.
There is a stone staircase leading down here.
You climb downwards.
There is a stone staircase leading up here.
No target in view!
No target in view!
No target in view!
A gnoll sergeant is nearby!
You throw a poisoned dart.
The poisoned dart hits the gnoll sergeant.
The gnoll sergeant is poisoned.
The gnoll sergeant is lightly wounded.
The gnoll sergeant hits you with a +0 spear!
A gnoll sergeant is nearby!
You closely miss the gnoll sergeant. You grab the gnoll sergeant.
The gnoll sergeant is lightly wounded.
You constrict the gnoll sergeant.
The gnoll sergeant hits you with a +0 spear!
You tentacle-slap the gnoll sergeant but do no damage.
The gnoll sergeant is lightly wounded.
You constrict the gnoll sergeant, but do no damage.
The gnoll sergeant closely misses you.
You tentacle-slap the gnoll sergeant.
The gnoll sergeant is moderately wounded.
You constrict the gnoll sergeant, but do no damage.
The gnoll sergeant hits you with a +0 spear!
* * * LOW HITPOINT WARNING * * *
You tentacle-slap the gnoll sergeant.
The gnoll sergeant is heavily wounded.
You constrict the gnoll sergeant.
The gnoll sergeant hits you with a +0 spear!
You die...

#.# #.# #.#
#.###.###.######
#[.............#
######.###.####.# .# ...#
#.# #.###.#.## .# .#.###.#
#....###.## .# #
.......###..##.#...####.##.
.).#....)...# #g.#.........
.....#####.## #h..###..###
.#.### #.# ##....#.## ...#
#.# ##.###...###### #.##
#.# ##.## #........# #.#
#.# #.## #...####.#### #.#
#.# #.# ###.......... #.#
##.## ##.####.###.
#.###...## ##.####...##.
#.##.....###.......#..#.


You could see a gnoll sergeant (poisoned).

Vanquished Creatures
  2 adders (D:2)
  2 dart slugs (D:2)
  3 ribbon worms
  3 endoplasms
  3 giant cockroaches
  5 goblins
  7 hobgoblins
  2 jackals (D:2)
  2 ball pythons
  3 bats
  2 kobolds
34 creatures vanquished.

Notes
Turn   | Place    | Note
-------+----------+-------------------------------------------
     0 | D:1      | Killerpretzel the Octopode Shapeshifter began the quest for
                  | the Orb.
     0 | D:1      | Reached XP level 1. HP: 13/13 MP: 1/1
   409 | D:1      | Reached XP level 2. HP: 18/18 MP: 2/2
  1061 | D:2      | Reached XP level 3. HP: 22/23 MP: 3/3
  1472 | D:2      | Reached XP level 4. HP: 29/29 MP: 4/4
  1831 | D:3      | Found a burning altar of Makhleb.
  1967 | D:3      | Noticed a gnoll sergeant
  2047 | D:3      | HP: 1/29 [gnoll sergeant/+0 spear (8)]
  2048 | D:3      | Mangled by a gnoll sergeant

Illustrated notes

Levels and vault maps discovered:
D:1:      roadster_arrival_rocket_large, layout_loops_corners, serial_aquarium,
          aquarium_bridge_long_joined [aquarium_subvault_bridge,
          aquarium_subvault_bridge, aquarium_subvault_wall,
          aquarium_subvault_wall, aquarium_subvault_window,
          aquarium_subvault_bridge], aquarium_window_fake, aquarium_window_fake,
          aquarium_window_1, aquarium_window_1, aquarium_view_2f,
          aquarium_view_2g, aquarium_balcony_1a
D:2:      layout_loops_ring, corexii_hall_statues_u
D:3:      layout_loops_ring, bloody_makhleb, serial_shops, shop,
          minmay_quadrilaterals

Action                     |  1- 3 |  4- 6 || total
---------------------------+-------+-------++-------
  Melee: Unarmed           |    53 |    12 ||    65
         Constrict         |    18 |     3 ||    21
         Tentacles         |    12 |     3 ||    15
         Punch             |     4 |       ||     4
  Throw: Stone             |    14 |       ||    14
         Dart              |       |    14 ||    14
    Use: Scroll            |     2 |     6 ||     8
   Stab: Sleeping          |     3 |       ||     3
 Armour: Skin              |    17 |     5 ||    22
  Dodge: Dodged            |    28 |     2 ||    30
   Form: Beast             |     1 |       ||     1
